 Dungeon Crawl Stone Soup version 0.29.1-2-gbd0b4ee654 (webtiles) character file.

Game seed: 2145941935275579809

654 GeoRichter the Trooper (level 7, -8/57 HPs)
             Began as a Demonspawn Artificer on Oct 29, 2022.
             Was a Priest of Fedhas.
             Succumbed to Duvessa's poison
             ... on level 4 of the Dungeon.
             The game lasted 00:09:41 (5007 turns).

GeoRichter the Trooper (Demonspawn Artificer)       Turns: 5007, Time: 00:09:42

Health: -8/57      AC: 11    Str: 12    XL:     7   Next: 29%
Magic:  7/10       EV:  9    Int: 13    God:    Fedhas [***...]
Gold:   234        SH:  3    Dex: 15    Spells: 6/6 levels left

rFire   + + .      SeeInvis +   a - +8 mace of Disaster {drain, rF++ Will+}
rCold   . . .      Faith    .   i - +0 buckler
rNeg    . . .      Spirit   .   t - +3 ring mail
rPois   .          Reflect  .   (helmet restricted)
rElec   .          Harm     .   (no cloak)
rCorr   .          Rampage  .   o - +0 pair of gloves
Will    ++...                   (no boots)
Stlth   +.........              (no amulet)
HPRegen 0.19/turn               l - ring of willpower
MPRegen 0.12/turn               r - ring of see invisible

@: lethally poisoned (-8 -> -50)
A: horns 1, yellow scales 1, foul stench 1
a: Renounce Religion, Wall of Briars, Grow Ballistomycete


You were on level 4 of the Dungeon.
You worshipped Fedhas.
Fedhas was most pleased with you.
You visited 1 branch of the dungeon, and saw 4 of its levels.

You collected 234 gold pieces.

Inventory:

Hand Weapons
 a - the +8 mace of Disaster (weapon) {drain, rF++ Will+}
   (You found it on level 2 of the Dungeon)

   A truly terrible weapon, it drains the life of any living foe it strikes.
   rF:        It greatly protects you from fire.
   Will:      It increases your willpower.
 b - a +0 sling
   (You found it on level 1 of the Dungeon)
Armour
 i - a +0 buckler (worn)
   (You found it on level 1 of the Dungeon)
 m - a +0 leather armour
 o - a +0 pair of gloves (worn)
   (You found it on level 2 of the Dungeon)
 t - a +3 ring mail (worn)
   (You found it on level 2 of the Dungeon)
Jewellery
 g - a ring of ice
   (You found it on level 1 of the Dungeon)
 l - a ring of willpower (left hand)
   (You found it on level 1 of the Dungeon)
 r - a ring of see invisible (right hand)
   (You found it on level 3 of the Dungeon)
Wands
 c - a wand of flame (8) (quivered)
 d - a wand of charming (13)
 e - a wand of iceblast (4)
Scrolls
 f - 5 scrolls of identify {unknown}
 j - a scroll of enchant weapon {unknown}
 k - a scroll of torment {unknown}
 n - a scroll of butterflies {unknown}
 s - a scroll of enchant armour {unknown}
 u - 2 scrolls of magic mapping {unknown}
 w - 2 scrolls of poison {unknown}
 x - a scroll of summoning {unknown}
 y - a scroll of fear {unknown}
 C - a scroll of immolation {unknown}
Potions
 h - a potion of might {unknown}
 p - 2 potions of degeneration {unknown}
 q - a potion of ambrosia {unknown}
 z - a potion of resistance {unknown}
 A - a potion of cancellation {unknown}
 B - a potion of curing {unknown}


   Skills:
 * Level 5.8 Fighting
 - Level 1.7 Armour
 - Level 0.8 Dodging
 - Level 0.8 Stealth
 + Level 4.4 Invocations
 - Level 5.0 Evocations


You had 6 spell levels left.
You didn't know any spells.
Your spell library contained the following spells:

 Spells                   Type           Power      Damage    Failure   Level
 Magic Dart               Conj           0%         1d3       67%         1
 Call Imp                 Summ           0%         N/A       82%         2
 Mephitic Cloud           Conj/Pois/Air  0%         N/A       96%         3


Dungeon Overview and Level Annotations

Branches:
Dungeon (4/15) Zot: 18900
 Temple: D:4-7

Altars:
Fedhas

Annotations:
D:4 Duvessa


Innate Abilities, Weirdness & Mutations

You have a pair of small horns on your head.
You are partially covered in yellow scales. (AC +2)
You may rarely emit foul miasma when damaged in melee.


Message History

You are more poisoned.
A kobold comes into view. It is wielding a +0 flail.
The kobold shouts!
You sock Duvessa!
* * * LOW HITPOINT WARNING * * *
You feel extremely sick.
Duvessa hits you with a +0 short sword of venom.
* * * LOW HITPOINT WARNING * * *
You block Duvessa's attack.
You hit Duvessa. You headbutt Duvessa!
* * * LOW HITPOINT WARNING * * *
You feel extremely sick. Duvessa barely misses you.
Duvessa hits you but does no damage.
You are more poisoned.
You feel much better.
* * * LOW HITPOINT WARNING * * *
You feel extremely sick. You block Duvessa's attack.
Duvessa hits you with a +0 short sword of venom!
* * * LOW HITPOINT WARNING * * *
You hit Duvessa but do no damage.
* * * LOW HITPOINT WARNING * * *
You feel extremely sick.
Duvessa hits you with a +0 short sword of venom.
* * * LOW HITPOINT WARNING * * *
You are more poisoned.
Duvessa hits you with a +0 short sword of venom.
* * * LOW HITPOINT WARNING * * *
You are more poisoned.
Hit: a) +8 mace of Disaster {drain, rF++ Will+}
Aim: Duvessa, wielding a +0 short sword of venom and wearing a +0 chain mail (severely wounded, berserk, lightly drained, about 22% to evade the +8 mace of Disaster)
Okay, then.
You feel much better.
* * * LOW HITPOINT WARNING * * *
You feel extremely sick. Duvessa barely misses you.
Duvessa hits you with a +0 short sword of venom.
* * * LOW HITPOINT WARNING * * *
You are more poisoned.
You can't go down here!
A briar patch grows up from the ground. x6
* * * LOW HITPOINT WARNING * * *
You feel extremely sick. The kobold barely misses you.
Duvessa hits you but does no damage.
You are more poisoned.
You walk carefully through the plants.
The kobold attacks as you move away! The kobold completely misses you.
Duvessa attacks as you move away! Duvessa barely misses you.
You die...
Fedhas appreciates your contribution to the ecosystem.

#.........#......#.
#.........#......))
#..###...###+#####.
#########...###.... #)
#.....................
#.....................
#......>..............
###
##.KPP##....###....##.
.....#.e.@##....# #....
#.
......).PPP.............
#.
......#.................
#. ......#..............
..... #..............
..... #.............
.... #........... ....
#........... #..######'


You could see Duvessa (berserk, drained, ally target) and a kobold.

Vanquished Creatures
  A black bear (D:4)
  A phantom (D:4)
  4 orc priests (D:3)
  Terence (D:3)
  3 orc wizards
  Natasha (thrice) (D:3)
  4 adders
  A worm (D:3)
  2 dart slugs
  25 orcs
  A bat (D:1)
  3 endoplasms
  4 giant cockroaches
  5 goblins
  3 hobgoblins
  4 jackals (D:3)
  4 kobolds
  4 quokkas
  7 ball pythons
  4 frilled lizards
  7 rats
91 creatures vanquished.

Vanquished Creatures (collateral kills)
  Dowan (D:4)
1 creature vanquished.

Grand Total: 92 creatures vanquished

Notes
Turn   | Place    | Note
-------+----------+-------------------------------------------
     0 | D:1      | GeoRichter the Demonspawn Artificer began the quest for the
                  | Orb.
     0 | D:1      | Reached XP level 1. HP: 15/15 MP: 1/1
   502 | D:1      | Found a faded altar of an unknown god.
   520 | D:1      | Prayed at the altar of an unknown god.
   520 | D:1      | Became a worshipper of Fedhas Madash
   520 | D:1      | Reached * piety under Fedhas
   598 | D:1      | Gained mutation: You are partially covered in yellow
                  | scales. (AC +2) [demonic ancestry]
   598 | D:1      | Reached XP level 2. HP: 15/21 MP: 2/2
  1041 | D:2      | Reached XP level 3. HP: 19/27 MP: 3/3
  1550 | D:2      | Reached ** piety under Fedhas
  2247 | D:2      | Gained mutation: You may rarely emit foul miasma when
                  | damaged in melee. [demonic ancestry]
  2247 | D:2      | Reached XP level 4. HP: 33/33 MP: 4/4
  2428 | D:2      | Identified the +8 mace of Disaster {drain, rF++ Will+}
  3229 | D:3      | Reached skill level 5 in Evocations
  3229 | D:3      | Reached XP level 5. HP: 40/40 MP: 5/5
  3296 | D:3      | Reached skill level 1 in Invocations
  3746 | D:3      | Noticed Natasha
  3750 | D:3      | Killed Natasha
  4125 | D:3      | Reached *** piety under Fedhas
  4128 | D:3      | Gained mutation: You have a pair of small horns on your
                  | head. [demonic ancestry]
  4128 | D:3      | Reached XP level 6. HP: 48/48 MP: 7/7
  4306 | D:3      | Noticed Terence
  4312 | D:3      | Killed Terence
  4445 | D:3      | Noticed Natasha
  4452 | D:3      | Killed Natasha
  4583 | D:3      | Noticed Natasha
  4587 | D:3      | Killed Natasha
  4794 | D:4      | Reached skill level 5 in Fighting
  4892 | D:4      | Reached XP level 7. HP: 56/56 MP: 9/9
  4984 | D:4      | Noticed Duvessa
  4986 | D:4      | Noticed Dowan
  4993 | D:4      | Killed Dowan
  5007 | D:4      | Succumbed to Duvessa's poison

Illustrated notes

Levels and vault maps discovered:
D:1:      dpeg_arrival_shrine, layout_basic, ebering_ecumenical_altar_box
D:2:      wad_river_or_something, layout_basic
D:3:      layout_loops_corners, minmay_misc_feat_rugged, minmay_ruptured,
          uniq_terence, uniq_natasha
D:4:      layout_gridville, minitemple, uniq_duvessa, uniq_blork_the_orc

Skill      XL: |  1  2  3  4  5  6  7 |
---------------+----------------------+-----
Fighting       | 2 4 5 |  5.8
Evocations     | 4 5 |  5.0
Invocations    | 2 3 4 |  4.4
Armour         | |  1.7
Dodging        | |  0.8
Stealth        | |  0.8

Action                   |  1- 3 |  4- 6 |  7- 9 || total
-------------------------+-------+-------+-------++-------
Melee: Spear             |   156 |    31 |       ||   187
       Club              |     3 |       |       ||     3
       Mace              |       |   106 |    22 ||   128
       Headbutt          |       |     7 |     1 ||     8
 Fire: Sling             |    12 |     5 |       ||    17
Invok: Wall of Briars    |       |       |     1 ||     1
Evoke: Wand              |     4 |     4 |     2 ||    10
  Use: Potion            |       |       |     3 ||     3
 Stab: Sleeping          |     2 |       |       ||     2
Armor: Leather armour    |    58 |       |       ||    58
       Ring mail         |    10 |    70 |     9 ||    89
Dodge: Dodged            |    71 |    54 |    15 ||   140
Block: Buckler           |    19 |    21 |     3 ||    43
